 Dungeon Crawl Stone Soup version 0.30.1-9-gdf580d7c3d (webtiles) character file.

Game seed: 14787314938845273903

363 fireball365 the Chopper (level 6, -1/50 (56) HPs)
             Began as a Hill Orc Fighter on Oct 8, 2023.
             Slain by a wight
             ... wielding a +2 scimitar of freezing
              (3 damage)
             ... on level 3 of the Dungeon.
             The game lasted 00:05:15 (2383 turns).

fireball365 the Chopper (Hill Orc Fighter)          Turns: 2383, Time: 00:05:17

HP:   -1/50 (56)    AC: 10    Str: 21    XL:     6   Next: 67%
MP:   0/6           EV:  9    Int:  8    God:
Gold: 206           SH:  4    Dex: 10    Spells: 5/5 levels left

rFire   . . .        a - +0 war axe
rCold   . . .        c - +0 buckler
rNeg    . . .        b - +0 scale mail
rPois   .            p - +0 helmet
rElec   .            (no cloak)
rCorr   .            f - +0 pair of gloves
SInv    .            g - +0 pair of boots
Will    .....        k - amulet of guardian spirit Stlth
                     (no ring)
HPRegen 0.28/turn    (no ring)
MPRegen 0.10/turn

%: guardian spirit
@: heavily drained
A: no striking features
a: no special abilities


You were on level 3 of the Dungeon.
You visited 1 branch of the dungeon, and saw 4 of its levels.

You collected 206 gold pieces.

Inventory:

Hand Weapons
 a - a +0 war axe (weapon)
Missiles
 s - 11 poisoned darts (quivered)
 u - 3 curare-tipped darts
Armour
 b - a +0 scale mail (worn)
 c - a +0 buckler (worn)
 f - a +0 pair of gloves (worn)
 g - a +0 pair of boots (worn)
 n - a +0 helmet
 p - a +0 helmet (worn)
Jewellery
 k - an amulet of guardian spirit (around neck)
Wands
 o - a wand of charming (1)
Scrolls
 e - a scroll of magic mapping
 h - 2 scrolls of vulnerability
 i - a scroll of enchant weapon {unknown}
 m - a scroll of noise {unknown}
 q - a scroll of fog {unknown}
 r - 2 scrolls of brand weapon {unknown}
 t - a scroll of enchant armour {unknown}
 v - 2 scrolls of teleportation {unknown}
 w - a scroll of poison {unknown}
Potions
 d - 2 potions of might
 j - 2 potions of heal wounds
 l - a potion of magic {unknown}
 x - a potion of brilliance {unknown}


   Skills:
 + Level 5.1 Fighting
 + Level 6.0 Axes
 + Level 4.5 Armour
 + Level 1.2 Dodging
 + Level 0.1 Stealth
 + Level 4.1 Shields


You had 5 spell levels left.
You didn't know any spells.
Your spell library contained the following spells:

 Spells                   Type           Power      Damage    Failure   Level
 Sting                    Tmut/Pois      0%         1d3       80%         1
 Poisonous Vapours        Pois/Air       0%         N/A       91%         2
 Cause Fear               Hex            0%         N/A       100%        4
 Olgreb's Toxic Radiance  Pois           0%         N/A       100%        4
 Dragon Form              Tmut           0%         N/A       100%        7
 Dragon's Call            Summ           0%         N/A       100%        9


Dungeon Overview and Level Annotations

Branches:
Dungeon (4/15)
 Temple: D:4-7

Altars:
Vehumet

Shops:
D:2 (


Message History

The orc shouts!
A wight comes into view. It is wielding a +3 spear.
The wight hits you with a +2 scimitar of freezing!
You feel drained. The wight freezes you. The wight barely misses you.
The wight attacks as you move away!
The wight hits you with a +2 scimitar of freezing.
You feel drained. The wight freezes you. The wight attacks as you move away!
The wight closely misses you. The orc attacks as you move away!
The orc hits you but does no damage. The wight attacks as you move away!
The wight hits you with a +2 scimitar of freezing!
The wight freezes you. The orc attacks as you move away!
The orc closely misses you. The wight attacks as you move away!
The wight hits you with a +2 scimitar of freezing!
The wight freezes you. The orc attacks as you move away!
The orc closely misses you.
A wight comes into view. It is wielding a +2 hand axe.
The orc hits you but does no damage.
The wight hits you with a +2 scimitar of freezing.
* * * LOW HITPOINT WARNING * * *
The wight freezes you.
* * * LOW HITPOINT WARNING * * *
The orc attacks as you move away! The orc hits you with a +0 hand axe.
The wight hits you with a +2 scimitar of freezing.
* * * LOW HITPOINT WARNING * * *
The wight freezes you. The orc hits you but does no damage.
There is a stone staircase leading up, spattered with blood here.
You can't go down here!
You block the orc's attack. The wight barely misses you.
You climb upwards.
There is a stone staircase leading down here.
You slash the wight!
The wight is severely damaged.
You hit the orc but do no damage. The orc hits you but does no damage.
The wight hits you with a +2 scimitar of freezing.
* * * LOW HITPOINT WARNING * * *
You feel drained.
You die...

#.# #.#.#........# #.. ##.#
#.#.#........# ##.. ##.###
#.#.#........# #... ##...#
#.#.#........# #... ##...#
#.#.#........##########.## ##...#
#.........................
.....#####.#...............#####.
...........#....o..(######## #.
....########....@...# ##. ....#
#####z##############.. ....# #.#
#.....<..... ....# #.#
##########.. ....# #.# #.. ....#
#.# #.รท ....# #.# #.. #####
######.####### #.. #............#
#..


You could see a wight and an orc.

Vanquished Creatures
  A scorpion (D:3)
  A wight (D:4)
  2 orc priests
  Terence (D:3)
  Robin (D:2)
  6 adders
  3 gnolls (D:3)
  A worm (D:2)
  A dart slug (D:2)
  2 orcs (D:3)
  8 ball pythons
  5 bats
  An endoplasm (D:2)
  2 giant cockroaches
  15 goblins
  8 hobgoblins
  5 kobolds
  3 quokkas
  A frilled lizard (D:1)
  4 rats
71 creatures vanquished.

Notes
Turn   | Place    | Note
-------+----------+-------------------------------------------
     0 | D:1      | fireball365 the Hill Orc Fighter began the quest for the
                  | Orb.
     0 | D:1      | Reached XP level 1. HP: 19/19 MP: 1/1
   159 | D:1      | Reached XP level 2. HP: 27/27 MP: 2/2
   400 | D:1      | Reached skill level 3 in Axes
   643 | D:2      | Reached XP level 3. HP: 25/33 MP: 1/3
   649 | D:2      | Found Ofaump's Weapon Shoppe.
   657 | D:2      | Found a radiant altar of Vehumet.
   784 | D:2      | Found a faded altar of an unknown god.
   827 | D:2      | Noticed Robin
   835 | D:2      | Reached XP level 4. HP: 10/41 MP: 2/4
   842 | D:2      | Killed Robin
  1028 | D:2      | Reached skill level 4 in Axes
  1318 | D:3      | Reached XP level 5. HP: 14/47 MP: 2/5
  1324 | D:3      | HP: 1/47 [gnoll/+0 halberd (4)]
  1401 | D:3      | Reached skill level 1 in Dodging
  1873 | D:3      | Noticed Terence
  1883 | D:3      | Killed Terence
  2140 | D:3      | Reached skill level 5 in Axes
  2140 | D:3      | Reached XP level 6. HP: 55/55 MP: 6/6
  2248 | D:3      | Reached skill level 5 in Fighting
  2354 | D:4      | Reached skill level 6 in Axes
  2383 | D:3      | HP: 2/52 [wight/+2 scimitar of freezing (5)]
  2383 | D:3      | Slain by a wight

Illustrated notes

Levels and vault maps discovered:
D:1:      dpeg_arrival_stonehenge_8_columns, layout_loops_ring,
          nrook_mini_backslash
D:2:      layout_rooms, basic_ecumenical_altar, serial_shops,
          nicolae_shop_advertising_works [nicolae_subvault_shop_adworks],
          basic_altar, st_stairs_11, uniq_robin
D:3:      layout_basic, uniq_terence
D:4:      cheibrodos_greedy_goblins, layout_cave_pools,
          minmay_misc_feat_enclosed

Skill      XL: |  1  2  3  4  5  6 |
---------------+-------------------+-----
Fighting       | 4 5 |  5.1
Axes           | 3 4 5 6 |  6.0
Armour         | 4 |  4.5
Dodging        | 1 |  1.2
Shields        | 4 |  4.1
Stealth        | |  0.1

Action                     |  1- 3 |  4- 6 || total
---------------------------+-------+-------++-------
  Melee: War axe           |    69 |   127 ||   196
    Use: Scroll            |     1 |     2 ||     3
         Potion            |     1 |       ||     1
 Armour: Scale mail        |   105 |    95 ||   200
  Dodge: Dodged            |    71 |    89 ||   160
  Block: Buckler           |    38 |    42 ||    80
